 Dungeon Crawl Stone Soup version 0.30-a0-964-gd452b5e7fa (webtiles) character file.

Game seed: 15994565272127095356

900 vishdafish the Conjurer (level 7, -3/46 HPs)
             Began as a Demonspawn Conjurer on Mar 30, 2023.
             Was an Initiate of Vehumet.
             Shot with an arrow by a centaur (18 damage)
             ... on level 5 of the Dungeon.
             The game lasted 00:14:46 (4847 turns).

vishdafish the Conjurer (Demonspawn Conjurer)       Turns: 4847, Time: 00:14:46

Health: -3/46      AC:  3    Str:  6 (7)  XL:     7   Next: 79%
Magic:  3/16       EV: 12    Int: 20 (21) God:    Vehumet [......]
Gold:   280        SH:  0    Dex: 10 (12) Spells: 9/18 levels left

rFire   . . .      SeeInvis .    e - +3 short sword
rCold   . . .      Faith    .    (no shield)
rNeg    . . .      Spirit   .    a - +0 robe
rPois   .          Reflect  .    (no helmet)
rElec   .          Rampage  .    j - +0 cloak
rCorr   .                        (no gloves)
Will    .....                    (no boots)
Stlth   ++                       (no amulet)
HPRegen 0.27/turn                (no ring)
MPRegen 0.30/turn                (no ring)

@: no status effects
A: magic regeneration, sturdy frame 1
a: Renounce Religion


You were on level 5 of the Dungeon.
You worshipped Vehumet.
Vehumet was noncommittal.
You visited 2 branches of the dungeon, and saw 6 of its levels.

You collected 280 gold pieces.

Inventory:

Hand Weapons
 e - a +3 short sword (weapon)
Armour
 a - a +0 robe (worn)
 j - a +0 cloak (worn)
Jewellery
 m - a ring of poison resistance
Scrolls
 b - a scroll of vulnerability {unknown}
 d - a scroll of enchant armour {unknown}
 f - a scroll of identify {unknown}
 k - a scroll of silence {unknown}
 l - a scroll of noise {unknown}
 o - a scroll of magic mapping {unknown}
Potions
 c - a potion of curing
 g - a potion of lignification {unknown}
 h - 2 potions of degeneration
 i - a potion of heal wounds {unknown}
 n - a potion of brilliance


   Skills:
 - Level 1.7 Dodging
 - Level 1.7 Stealth
 + Level 6.0 Spellcasting
 + Level 7.5 Conjurations


You had 9 spell levels left.
You knew the following spells:

 Your Spells              Type           Power      Damage    Failure   Level
a - Magic Dart            Conj           100%       1d8       1%          1
b - Fulminant Prism       Conj/Hex       10%        3d8       22%         4
c - Iskenderun's Mystic   Conj/Tloc      21%        2d6       22%         4

Your spell library contained the following spells:

 Spells                   Type           Power      Damage    Failure   Level
 Searing Ray              Conj           72%        2d7       1%          2
 Dazzling Flash           Conj/Hex       42%        N/A       7%          3
 Beastly Appendage        Tmut           12%        N/A       11%         1
 Sublimation of Blood     Necr           6%         N/A       16%         2
 Wereblood                Tmut           6%         N/A       16%         2
 Inner Flame              Hex/Fire       6%         N/A       30%         3
 Spider Form              Tmut/Pois      6%         N/A       30%         3
 Irradiate                Conj/Tmut      10%        3d15      52%         5
 Cause Fear               Hex            3%         N/A       71%         4
 Leda's Liquefaction      Hex/Erth       3%         N/A       71%         4
 Petrify                  Tmut/Erth      6%         N/A       71%         4
 Lee's Rapid Deconstruct  Erth           3%         3d5*      96%         5
 Statue Form              Tmut/Erth      4%         N/A       100%        6
 Discord                  Hex            3%         N/A       100%        8


Dungeon Overview and Level Annotations

Branches:
Dungeon (5/15)             Temple (1/1) D:5

Altars:
Cheibriados
Dithmenos
Fedhas
Makhleb
Nemelex Xobeh
Okawaru
Sif Muna
Vehumet
Wu Jian
Xom
Yredelemnul


Innate Abilities, Weirdness & Mutations

You regenerate magic rapidly.
Your movements are slightly less encumbered by armour. (ER -2)


Message History

Casting: Fulminant Prism (quite dangerous; 22% risk of failure)
Confirm with . or Enter, or press ? or * to list all spells.
The spell is quite dangerous to miscast (22% risk of failure)!
Continue anyway?
Aiming: Fulminant Prism (quite dangerous; 22% risk of failure)
Press: ? - help, Dir - move target You conjure a prism of explosive energy!
A fulminant prism comes into view.
You feel sick.
An adder comes into view.
You feel sick.
Your fulminant prism crackles loudly.
Casting: Fulminant Prism (quite dangerous; 22% risk of failure)
Confirm with . or Enter, or press ? or * to list all spells.
The spell is quite dangerous to miscast (22% risk of failure)!
Continue anyway?
You erupt in a blast of force!
The mystic blast hits the scorpion.
The scorpion is heavily wounded.
The scorpion is knocked back by the mystic blast.
The mystic blast hits the adder.
The adder is heavily wounded.
The adder is knocked back by the mystic blast.
The adder slams into the stone wall!
The adder is heavily wounded.
You feel sick.
Your fulminant prism explodes!
The blast of energy engulfs the scorpion.
The scorpion is severely wounded.
You hear a shout!
You feel sick.
A steam dragon comes into view.
You feel sick.
You are no longer poisoned.
A centaur comes into view.
Okay, then.
Okay, then.
The centaur wields a +2 shortbow of flaming.
It bursts into flame!
The centaur shoots an arrow.
The arrow hits you! The arrow burns you.
The centaur shoots an arrow.
The arrow hits you! The arrow burns you. The adder bites you.
The centaur shoots an arrow.
The arrow hits you!!
You die...

..#.### #.##........... ....#
#... #.....#
..###########...###..>..#
..................#..D..#...
.####.##....................#
## #.# ###...##$..###.....#
#####.##.# #...##s...# ..####
.........###..(..S...# .##
#####.#####.....@.#....##
..)))....##.##.##...####
#####.##.......####c#
#.####.#...# #.# #.....###..#
#.# ######.#..## .# ##.#.#
#.#.# #.#..


You could see a steam dragon, a centaur, a scorpion and an adder.

Vanquished Creatures
  Grinder (D:3)
  Sigmund (D:2)
  A black bear (D:4)
  A scorpion (D:5)
  A jelly (D:5)
  2 gnoll boudas
  Terence (D:2)
  2 orc wizards
  12 gnolls
  An adder (D:2)
  2 ufetubi (D:4)
  A worm (D:2)
  3 dart slugs
  11 orcs
  6 endoplasms
  A giant cockroach (D:3)
  8 goblins
  7 hobgoblins
  2 jackals (D:4)
  3 quokkas
  4 ball pythons
  3 frilled lizards
  7 kobolds
  4 rats
85 creatures vanquished.

Vanquished Creatures (others)
  16 fulminant prisms
16 creatures vanquished.

Grand Total: 101 creatures vanquished

Notes
Turn   | Place    | Note
-------+----------+-------------------------------------------
     0 | D:1      | vishdafish the Demonspawn Conjurer began the quest for the
                  | Orb.
     0 | D:1      | Reached XP level 1. HP: 13/13 MP: 3/3
    95 | D:1      | Found a faded altar of an unknown god.
   538 | D:1      | Gained mutation: You regenerate magic rapidly. [demonic
                  | ancestry]
   538 | D:1      | Reached XP level 2. HP: 19/19 MP: 0/5
  1351 | D:2      | Reached XP level 3. HP: 24/24 MP: 5/7
  1891 | D:2      | Noticed Terence
  2081 | D:3      | Noticed Sigmund
  2226 | D:4      | Reached XP level 4. HP: 30/30 MP: 4/8
  2241 | D:4      | Noticed a black bear
  2253 | D:4      | Killed a black bear
  2254 | D:4      | Reached skill level 5 in Conjurations
  2254 | D:4      | Reached XP level 5. HP: 20/35 MP: 1/10
  2358 | D:4      | Noticed an angel
  2442 | D:4      | Found a basalt altar of Yredelemnul.
  2691 | D:4      | Learned a level 4 spell: Fulminant Prism
  2696 | D:4      | Learned a level 4 spell: Iskenderun's Mystic Blast
  2859 | D:4      | Gained mutation: Your movements are slightly less
                  | encumbered by armour. (ER -2) [demonic ancestry]
  2859 | D:4      | Reached XP level 6. HP: 41/41 MP: 8/12
  3176 | D:3      | Noticed Grinder
  3177 | D:3      | Paralysed by Grinder for 2 turns
  3184 | D:3      | Paralysed by Grinder for 2 turns
  3350 | D:3      | Reached skill level 6 in Conjurations
  3535 | D:3      | Found a sparkling altar of Nemelex Xobeh.
  3632 | D:2      | Killed Terence
  3917 | D:2      | Killed Sigmund
  3918 | D:2      | Reached skill level 5 in Spellcasting
  3918 | D:2      | Reached XP level 7. HP: 14/46 MP: 3/14
  4048 | D:3      | Paralysed by Grinder for 5 turns
  4144 | D:3      | Paralysed by Grinder for 3 turns
  4150 | D:3      | Killed Grinder
  4151 | D:3      | Reached skill level 7 in Conjurations
  4477 | D:5      | Entered Level 5 of the Dungeon
  4653 | D:5      | Found a burning altar of Makhleb.
  4781 | D:5      | Found a staircase to the Ecumenical Temple.
  4790 | Temple   | Entered the Ecumenical Temple
  4818 | Temple   | Became a worshipper of Vehumet
  4843 | D:5      | Noticed a steam dragon
  4847 | D:5      | Shot with an arrow by a centaur

Illustrated notes

Levels and vault maps discovered:
D:1:      minmay_arrival_radiant_lines, layout_loops_corners,
          basic_ecumenical_altar, chequers_avenue
D:2:      layout_basic, uniq_terence
D:3:      layout_rooms, nemelex_altar_shiori, uniq_grinder, uniq_sigmund
D:4:      layout_rooms, general_overflow_altar, zin_angel
D:5:      layout_loops_ring, marbit_many_paths, nicolae_overflow_hidden_temple,
          minmay_temple_entry_tees, minmay_misc_feat_plants
Temple:   chequers_temple_sunken

Skill      XL: |  1  2  3  4  5  6  7 |
---------------+----------------------+-----
Spellcasting   | 3 4 5 6 |  6.0
Conjurations   | 5 6 7 |  7.5
Dodging        | |  1.7
Stealth        | |  1.7

Action                     |  1- 3 |  4- 6 |  7- 9 || total
---------------------------+-------+-------+-------++-------
  Melee: Short sword       |    13 |    11 |    11 ||    35
         Punch             |     1 |       |       ||     1
  Throw: Throwing net      |     1 |       |     2 ||     3
   Cast: Magic Dart        |   102 |    99 |    35 ||   236
         Fulminant Prism   |       |     9 |     7 ||    16
         Iskenderun's Myst |       |     2 |     5 ||     7
    Use: Potion            |     1 |     6 |     1 ||     8
         Scroll            |       |     4 |       ||     4
 Armour: Robe              |     2 |     6 |     2 ||    10
  Dodge: Dodged            |    10 |    31 |     8 ||    49

Table legend: (Time is in decaauts)
 A = Elapsed time spent in this place.
 B = Non-inter-level travel time spent in this place.
 C = Inter-level travel time spent in this place.
 D = Time resting spent in this place.
 E = Time spent auto-exploring this place.
 F = Levels seen in this place.
 G = Mean time per level.
                   A        B        C        D        E       F      G
               +--------+--------+--------+--------+--------+-----+--------+
         Total |   4889 |   4715 |    174 |      0 |   3862 |   6 |  814.8 |
       Dungeon |   4833 |   4659 |    174 |      0 |   3841 |   5 |  966.6 |
        Temple |     55 |     55 |      0 |      0 |     21 |   1 |   55.0 |
               +--------+--------+--------+--------+--------+-----+--------+

Top non-repeatable levels by time:
     D:2: 1290 daAuts
     D:4: 1174 daAuts
     D:1: 1150 daAuts
     D:3: 895 daAuts
     D:5: 323 daAuts
  Temple: 55 daAuts
